cohdb
Replays
Latest Replays
All Replays
Popular Replays
Top Player Replays
Match Explorer
How It Works
Community
CoH3 Stats
Reddit
Sign in to upload your games and track your stats! →
Sign in with Steam
Match 47174272
Unlisted
Match 47174272
Overview
Messages
Build Orders
End
Construct Infanterie Kompanie
Grenadier Squad
MG 42 Machine Gun Team
Selects Mechanized Battlegroup
GrW 34 Mortar Team
Grenadier Squad
Infanterie Officer Quarters
Construct Luftwaffe Kompanie
Jäger Squad
Pioneer Squad
Selects Raid Package
Jäger Squad
Luftwaffe Officer Quarters
Selects StuG Assault Group
StuG Assault Group
StuG Assault Group
Selects Panther Heavy Tank
Panther Heavy Tank
Pioneer Squad
Selects Spotting Scopes
Panther Heavy Tank
Selects Wespe Self-propelled Artillery
Selects Zeroing Artillery Barrage
Panther Heavy Tank
Zeroing Artillery Barrage
Panther Heavy Tank
Pioneer Squad
Carrier
Fatal
Konpaku Youmu
茶靡
Chikage
Mochi_flamer
JT
陈浩南
0
0
Comments
sign in to comment!
No comments posted yet!